 Dungeon Crawl Stone Soup version 0.29-a0-284-gf9362112df (webtiles) character file.

Game seed: 7690246359903948429

1570 chopper the Shield-Bearer (level 8, -6/67 HPs)
             Began as a Gnoll Fighter on Mar 29, 2022.
             Mangled by a two-headed ogre
             ... wielding a +0 giant club
              (20 damage)
             ... on level 6 of the Dungeon.
             The game lasted 00:42:34 (7923 turns).

chopper the Shield-Bearer (Gnoll Fighter)           Turns: 7923, Time: 00:42:40

Health: -6/67      AC: 14    Str: 17    XL:     8   Next: 90%
Magic:  13/13      EV:  8    Int:  8    God:
Gold:   218        SH:  5    Dex: 12    Spells: 14/14 levels left

rFire   . . .      SeeInvis +   C - +3 war axe (freeze)
rCold   . . .      Faith    .   c - +0 buckler
rNeg    . . .      Spirit   .   A - +0 chain mail
rPois   .          Reflect  .   b - +0 helmet {SInv}
rElec   .          Harm     .   w - +0 cloak
rCorr   .          Rampage  .   (no gloves)
Will    .....                   B - +0 pair of boots
Stlth   ..........              (no amulet)
HPRegen 0.21/turn               (no ring)
MPRegen 0.13/turn               (no ring)

@: no status effects
A: fangs 1, strong nose, distributed training
a: no special abilities


You were on level 6 of the Dungeon.
You visited 2 branches of the dungeon, and saw 7 of its levels.

You collected 218 gold pieces.

Inventory:

Hand Weapons
 a - a +0 war axe
 r - a +2 mace of protection
 C - a +3 war axe of freezing (weapon)
 D - a +4 falchion
 E - a +5 dire flail
Missiles
 i - 2 throwing nets
 p - 11 javelins (quivered)
 F - a silver boomerang
Armour
 b - a +0 helmet of see invisible (worn)
 c - a +0 buckler (worn)
 w - a +0 cloak (worn)
 A - a +0 chain mail (worn)
 B - a +0 pair of boots (worn)
Jewellery
 h - a ring of resist corrosion
Wands
 s - a wand of iceblast (6)
 x - a wand of paralysis (6)
Scrolls
 f - a scroll of noise
 g - 2 scrolls of magic mapping
 k - 2 scrolls of immolation {unknown}
 l - a scroll of enchant armour {unknown}
 n - a scroll of blinking {unknown}
 t - a scroll of silence {unknown}
 y - 2 scrolls of enchant weapon {unknown}
 z - 2 scrolls of teleportation {unknown}
Potions
 d - a potion of might
 e - 3 potions of attraction
 j - a potion of resistance
 m - 2 potions of curing
 o - a potion of lignification
 q - a potion of degeneration
 u - a potion of haste
 v - a potion of brilliance {unknown}
 G - a potion of heal wounds {unknown}


   Skills:
 + Level 7.6 Fighting
 + Level 3.6 Short Blades
 + Level 3.6 Long Blades
 + Level 5.9 Axes
 + Level 3.6 Maces & Flails
 + Level 3.6 Polearms
 + Level 3.6 Staves
 + Level 3.6 Slings
 + Level 3.6 Bows
 + Level 3.6 Crossbows
 + Level 3.6 Throwing
 + Level 7.6 Armour
 + Level 3.6 Dodging
 + Level 3.6 Stealth
 + Level 7.6 Shields
 + Level 3.6 Unarmed Combat
 + Level 3.6 Spellcasting
 + Level 3.0 Conjurations
 + Level 3.0 Hexes
 + Level 3.0 Summonings
 + Level 3.0 Necromancy
 + Level 3.0 Translocations
 + Level 3.0 Transmutations
 + Level 3.0 Fire Magic
 + Level 3.0 Ice Magic
 + Level 3.0 Air Magic
 + Level 3.0 Earth Magic
 + Level 3.0 Poison Magic
 + Level 4.0 Invocations
 + Level 3.6 Evocations


You had 14 spell levels left.
You didn't know any spells.
Your spell library contained the following spells:

 Spells                   Type           Power      Damage    Failure   Level
 Animate Skeleton         Necr           12%        N/A       77%         1
 Pain                     Necr           24%        1d5       77%         1
 Ensorcelled Hibernation  Hex/Ice        12%        N/A       88%         2
 Spider Form              Tmut/Pois      6%         N/A       98%         3
 Summon Guardian Golem    Hex/Summ       6%         N/A       98%         3
 Vampiric Draining        Necr           6%         2d6       98%         3
 Airstrike                Air            3%         N/A       100%        4
 Anguish                  Hex/Necr       3%         N/A       100%        4
 Summon Lightning Spire   Summ/Air       6%         N/A       100%        4
 Lightning Bolt           Conj/Air       3%         1d14      100%        5
 Orb of Destruction       Conj           3%         9d5       100%        7
 Spellforged Servitor     Conj/Summ      3%         N/A       100%        7


Dungeon Overview and Level Annotations

Branches:
Dungeon (6/15)             Temple (1/1) D:4

Altars:
Ashenzari
Dithmenos
Fedhas
Hepliaklqana
Kikubaaqudgha
Makhleb
Nemelex Xobeh
Qazlal
Ru
Sif Muna
Trog
Uskayaw
Vehumet
Wu Jian
Xom
Zin
The Shining One

Shops:
D:4 =


Innate Abilities, Weirdness & Mutations

You have very sharp teeth.
Your uncanny sense of smell can sniff out nearby items.
Your experience applies equally to all skills.


Message History

There is an open door here.
A hound comes into view.
The hound barks!
The hound pauses to sniff the ground.
The hound bites you but does no damage.
You miss the hound. The hound bites you but does no damage.
The hound closely misses you.
You hit the hound. You freeze the hound.
The hound is heavily wounded.
You block the hound's attack. The hound bites you but does no damage.
You slash the hound! You freeze the hound.
You kill the hound!
Found a runed bronze amulet.
Found an escape hatch in the ceiling.
A two-headed ogre comes into view.
It is wielding a +0 giant club and a +0 giant spiked club.
The two-headed ogre shouts in stereo!
There is an open door here.
You slash the two-headed ogre! You freeze the two-headed ogre.
The two-headed ogre is lightly wounded.
You block the two-headed ogre's attack.
The two-headed ogre hits you with a +0 giant spiked club!
You slash the two-headed ogre! You freeze the two-headed ogre!
Your bite misses the two-headed ogre.
The two-headed ogre is heavily wounded.
The two-headed ogre hits you with a +0 giant club.
The two-headed ogre hits you with a +0 giant spiked club!
You barely miss the two-headed ogre.
The two-headed ogre is heavily wounded.
You slash the two-headed ogre! You freeze the two-headed ogre.
The two-headed ogre is almost dead.
The two-headed ogre hits you with a +0 giant club!!
* * * LOW HITPOINT WARNING * * *
You block the two-headed ogre's attack.
Aiming: Paralyse
Press: ? - help, Shift-Dir - straight line, f - two-headed ogre
Aim: a two-headed ogre, wielding a +0 giant club and a +0 giant spiked club (almost dead, chance to affect: 40%)
The two-headed ogre resists with some effort.
The two-headed ogre barely misses you.
The two-headed ogre hits you with a +0 giant spiked club!!
You die...

+.+............ ###..
#.#....#.##...##+#.....
#........##...........#
##.........#............
#..........##...........
#..........#............
#.>(....................
#.....รท)...#..........##
#.....<@...#..........#
#......#O..#..........#
+.....(....#.#......###
#....###'#'#'#......#
##...#..............##..
#...#..............##..
##..#..............##..
#..###'#.......#####..
##..# #.#.......###....


You could see a two-headed ogre.

Vanquished Creatures
  A hornet (D:5)
  2 water moccasins (D:5)
  3 ogres
  2 phantoms
  5 wights
  5 hounds
  A gnoll shaman (D:5)
  An iguana (D:6)
  5 orc wizards
  5 gnolls
  5 adders
  2 white imps (D:5)
  An ufetubus (D:4)
  A worm (D:2)
  2 dart slugs
  12 orcs
  2 endoplasms (D:1)
  4 giant cockroaches
  7 goblins
  3 hobgoblins (D:1)
  7 jackals
  11 kobolds
  4 quokkas
  7 ball pythons
  4 bats
  A frilled lizard (D:3)
  A rat (D:1)
104 creatures vanquished.

Vanquished Creatures (others)
  A plant (D:1)
1 creature vanquished.

Grand Total: 105 creatures vanquished

Notes
Turn   | Place    | Note
-------+----------+-------------------------------------------
     0 | D:1      | chopper the Gnoll Fighter began the quest for the Orb.
     0 | D:1      | Reached XP level 1. HP: 23/23 MP: 1/1
   104 | D:1      | Reached XP level 2. HP: 29/29 MP: 2/2
   466 | D:1      | Found a faded altar of an unknown god.
   602 | D:1      | Reached XP level 3. HP: 35/35 MP: 3/3
  1104 | D:2      | Reached skill level 1 in Invocations
  1498 | D:2      | Reached skill level 1 in Short Blades
  1498 | D:2      | Reached skill level 1 in Long Blades
  1498 | D:2      | Reached skill level 1 in Maces & Flails
  1498 | D:2      | Reached skill level 1 in Polearms
  1498 | D:2      | Reached skill level 1 in Staves
  1498 | D:2      | Reached skill level 1 in Slings
  1498 | D:2      | Reached skill level 1 in Bows
  1498 | D:2      | Reached skill level 1 in Crossbows
  1498 | D:2      | Reached skill level 1 in Throwing
  1498 | D:2      | Reached skill level 1 in Dodging
  1498 | D:2      | Reached skill level 1 in Stealth
  1498 | D:2      | Reached skill level 1 in Unarmed Combat
  1498 | D:2      | Reached skill level 1 in Spellcasting
  1498 | D:2      | Reached skill level 1 in Evocations
  1515 | D:2      | Found an ancient bone altar of Kikubaaqudgha.
  1988 | D:3      | Reached XP level 4. HP: 22/41 MP: 5/5
  3153 | D:4      | Reached skill level 1 in Conjurations
  3153 | D:4      | Reached skill level 1 in Hexes
  3153 | D:4      | Reached skill level 1 in Summonings
  3153 | D:4      | Reached skill level 1 in Necromancy
  3153 | D:4      | Reached skill level 1 in Translocations
  3153 | D:4      | Reached skill level 1 in Transmutations
  3153 | D:4      | Reached skill level 1 in Fire Magic
  3153 | D:4      | Reached skill level 1 in Ice Magic
  3153 | D:4      | Reached skill level 1 in Air Magic
  3153 | D:4      | Reached skill level 1 in Earth Magic
  3153 | D:4      | Reached skill level 1 in Poison Magic
  3304 | D:4      | Noticed an ogre
  3346 | D:4      | Reached XP level 5. HP: 26/47 MP: 6/6
  3586 | D:4      | Killed an ogre
  3859 | D:4      | Reached XP level 6. HP: 52/53 MP: 8/8
  3906 | D:4      | Found Cudiefum's Jewellery Emporium.
  4013 | D:4      | Found a staircase to the Ecumenical Temple.
  4140 | D:4      | Reached skill level 5 in Axes
  4261 | Temple   | Entered the Ecumenical Temple
  4811 | D:5      | Entered Level 5 of the Dungeon
  5691 | D:5      | Noticed a water moccasin
  5708 | D:5      | Killed a water moccasin
  5709 | D:5      | Reached XP level 7. HP: 54/60 MP: 10/10
  6422 | D:5      | Reached XP level 8. HP: 67/67 MP: 12/12
  7089 | D:5      | Noticed a hornet
  7098 | D:5      | Killed a hornet
  7890 | D:6      | Noticed a two-headed ogre
  7923 | D:6      | Mangled by a two-headed ogre

Illustrated notes

Levels and vault maps discovered:
D:1:      dpeg_arrival_morbid_curiosity, layout_rooms, basic_ecumenical_altar,
          serial_bayou_pond_a
D:2:      layout_basic, basic_altar, minmay_split_cup_large
D:3:      minmay_spotlight, layout_basic, minmay_tree_intersection
D:4:      layout_loops_ring, minmay_temple_entry_mist, serial_shops, shop,
          nrook_mini_backslash, st_stairs_11, kennysheep_generic_room_10
D:5:      layout_gridville
D:6:      layout_basic, okawaru_altar_gauntlet_db, kennysheep_nub, uniq_grinder
Temple:   mainiacjoe_temple_archimedes_tessellation

Skill      XL: |  1  2  3  4  5  6  7  8 |
---------------+-------------------------+-----
Invocations    | 1 2 3 4 |  4.0
Short Blades   | 1 2 3 |  3.6
Long Blades    | 1 2 3 |  3.6
Maces & Flails | 1 2 3 |  3.6
Polearms       | 1 2 3 |  3.6
Staves         | 1 2 3 |  3.6
Slings         | 1 2 3 |  3.6
Bows           | 1 2 3 |  3.6
Crossbows      | 1 2 3 |  3.6
Throwing       | 1 2 3 |  3.6
Dodging        | 1 2 3 |  3.6
Stealth        | 1 2 3 |  3.6
Unarmed Combat | 1 2 3 |  3.6
Spellcasting   | 1 2 3 |  3.6
Evocations     | 1 2 3 |  3.6
Conjurations   | 1 2 3 |  3.0
Hexes          | 1 2 3 |  3.0
Summonings     | 1 2 3 |  3.0
Necromancy     | 1 2 3 |  3.0
Translocations | 1 2 3 |  3.0
Transmutations | 1 2 3 |  3.0
Fire Magic     | 1 2 3 |  3.0
Ice Magic      | 1 2 3 |  3.0
Air Magic      | 1 2 3 |  3.0
Earth Magic    | 1 2 3 |  3.0
Poison Magic   | 1 2 3 |  3.0
Axes           | 5 |  5.9
Fighting       | 7 |  7.6
Armour         | 7 |  7.6
Shields        | 7 |  7.6

Action                   |  1- 3 |  4- 6 |  7- 9 || total
-------------------------+-------+-------+-------++-------
Melee: War axe           |   107 |     1 |    88 ||   196
       Bite              |     5 |     9 |    10 ||    24
       Mace              |       |   175 |    14 ||   189
Throw: Javelin           |       |     4 |       ||     4
       Throwing net      |       |     2 |       ||     2
Evoke: Wand              |       |     1 |     2 ||     3
  Use: Scroll            |     6 |     3 |     1 ||    10
 Stab: Paralysed         |       |       |     1 ||     1
Armor: Scale mail        |    61 |    63 |       ||   124
       Chain mail        |       |    86 |    58 ||   144
Dodge: Dodged            |    59 |   115 |    35 ||   209
Block: Buckler           |    33 |    69 |    32 ||   134

Table legend: (Time is in decaauts)
 A = Elapsed time spent in this place.
 B = Non-inter-level travel time spent in this place.
 C = Inter-level travel time spent in this place.
 D = Time resting spent in this place.
 E = Time spent auto-exploring this place.
 F = Levels seen in this place.
 G = Mean time per level.
                   A        B        C        D        E       F      G
               +--------+--------+--------+--------+--------+-----+--------+
         Total |   8063 |   8063 |      0 |   1985 |      0 |   7 | 1151.9 |
       Dungeon |   7839 |   7839 |      0 |   1985 |      0 |   6 | 1306.5 |
        Temple |    223 |    223 |      0 |      0 |      0 |   1 |  223.0 |
               +--------+--------+--------+--------+--------+-----+--------+

Top non-repeatable levels by time:
     D:5: 2263 daAuts
     D:4: 1932 daAuts
     D:3: 1347 daAuts
     D:2: 1173 daAuts
     D:1: 834 daAuts
     D:6: 288 daAuts
  Temple: 223 daAuts
